 Dungeon Crawl Stone Soup version 0.29-a0-284-gf9362112df (webtiles) character file.

Game seed: 2383477394869678197

58 sokol815 the Chopper (level 3, 0/29 HPs)
             Began as a Demonspawn Monk on Mar 25, 2022.
             Was an Initiate of Ashenzari.
             Slain by a white imp (2 damage)
             ... summoned by Natasha
             ... on level 2 of the Dungeon.
             The game lasted 00:03:18 (1309 turns).

sokol815 the Chopper (Demonspawn Monk)              Turns: 1309, Time: 00:03:18

Health: 0/29       AC:  3    Str: 11    XL:     3   Next: 76%
Magic:  3/3        EV: 12    Int: 13    God:    Ashenzari [......]
Gold:   65         SH:  0    Dex: 15    Spells: 2/2 levels left

rFire   . . .      SeeInvis .   a - +0 hand axe
rCold   . . .      Faith    .   (no shield)
rNeg    . . .      Spirit   .   b - +0 robe
rPois   .          Reflect  .   d - +0 helmet of Supernal Knowledge {Elem, Bglg} (curse)
rElec   .          Harm     .   (no cloak)
rCorr   .          Rampage  .   (no gloves)
Will    .....                   (no boots)
Stlth   +.........              (no amulet)
HPRegen 0.09/turn               (no ring)
MPRegen 0.08/turn               (no ring)

@: confused, ambrosia-drunk
A: hooves 1
a: Renounce Religion, Shatter the Chains


You were on level 2 of the Dungeon.
You worshipped Ashenzari.
Ashenzari was noncommittal.
You visited 1 branch of the dungeon, and saw 2 of its levels.

You collected 65 gold pieces.

Inventory:

Hand Weapons
 a - a +0 hand axe (weapon)
 e - a +0 dagger of draining
   (You took it off a goblin on level 1 of the Dungeon)
 j - a +1 vampiric short sword
   (You took it off a kobold on level 1 of the Dungeon)
Missiles
 s - 20 stones (quivered)
Armour
 b - a +0 robe (worn)
 d - the cursed +0 helmet of Supernal Knowledge (worn) {Elem, Bglg}
   (You found it on level 1 of the Dungeon)

   It has a curse which improves the following skills: Elements: Fire Magic, Ice
   Magic, Air Magic and Earth Magic.
   Beguiling: Conjurations, Hexes and Translocations.
 l - the +1 robe "Qolida" {rPois rF+}
   (You found it on level 2 of the Dungeon)

   rF:        It protects you from fire.
   rPois:     It protects you from poison.
Scrolls
 g - 2 scrolls of fog {unknown}
 k - a scroll of enchant weapon {unknown}
Potions
 c - a potion of attraction {unknown}
 f - 2 potions of magic {unknown}
 h - a potion of curing {unknown}
 i - a potion of haste


   Skills:
 - Level 3.0 Fighting
 + Level 4.3 Axes
 - Level 2.6 Dodging
 - Level 1.7 Stealth


You had 2 spell levels left.
You didn't know any spells.
Your spell library contained the following spells:

 Spells                   Type           Power      Damage    Failure   Level
 Frozen Ramparts          Ice            0%         1d2       67%         3
 Ice Form                 Ice/Tmut       0%         N/A       97%         4
 Summon Ice Beast         Ice/Summ       0%         N/A       97%         4


Dungeon Overview and Level Annotations

Branches:
Dungeon (2/15)

Altars:
Ashenzari

Annotations:
D:2 Natasha, Sigmund


Innate Abilities, Weirdness & Mutations

You have large cloven feet.


Message History

You feel yourself speed up.
You climb downwards.
Level annotation: Natasha Natasha stares at you and mumbles some strange words.
You feel yourself slow down.
There is a stone staircase leading up here.
You climb upwards.
There is a stone staircase leading down here.
You start waiting.
You feel yourself speed up.
You climb downwards.
Level annotation: Natasha
There is a stone staircase leading up here.
You throw a stone.
The stone hits Natasha but does no damage.
Natasha stares at you and mumbles some strange words.
You resist with significant effort.
You throw a stone.
The stone hits Natasha but does no damage.
Natasha barely misses you.
You hit Natasha. Natasha closely misses you.
You hit Natasha. Natasha closely misses you.
You barely miss Natasha.
Natasha stares at you and mumbles some strange words.
You resist with significant effort.
You hit Natasha. Natasha casts a spell at you.
You resist with significant effort.
You barely miss Natasha. You kick Natasha. Natasha claws you.
You take 6 damage, and have 22/28 hp.
MASSIVE DAMAGE!!
You barely miss Natasha. You kick Natasha.
You kill Natasha!
Natasha screams in pain as she dies!
Your life force feels restored.
Your Axes skill increases to level 4!
No target in view!
You start resting.
Health restored: 29
s - 20 stones (gained 2)
You now have 51 gold pieces (gained 3).
You now have 65 gold pieces (gained 14).
Found a transparent robe.
Natasha, Servant of Life and Death comes into view.
You see here 11 gold pieces.
Sigmund and a dart slug come into view.
Natasha drinks a potion.
Natasha seems to speed up.
You see here the +1 robe "Qolida" {rPois rF+}.
l - the +1 robe "Qolida" {rPois rF+} Natasha casts a spell at you.
The magic dart hits you.
Natasha mumbles some strange words.
You take 5 damage, and have 24/29 hp.
Natasha claws you but does no damage. The crimson imp spits at you.
Natasha claws you.
The crimson imp blinks!
You take 3 damage, and have 21/29 hp.
Natasha hisses.
Natasha closely misses you.
You closely miss the crimson imp.
You kick the crimson imp, but do no damage.
You closely miss Natasha. Natasha barely misses you.
The crimson imp closely misses you. Natasha claws you!
You take 7 damage, and have 14/29 hp.
MASSIVE DAMAGE!!
You hit Natasha. Your kick misses Natasha. You hit the crimson imp.
Natasha closely misses you.
The crimson imp hits you but does no damage.
You closely miss Natasha. You kick Natasha. You hit the crimson imp.
Natasha extends her claws.
Natasha mumbles some strange words.
Natasha misses you. The crimson imp closely misses you.
You hit Natasha but do no damage. Your kick misses Natasha.
You hit the white imp but do no damage. You closely miss the crimson imp.
Natasha closely misses you.
A rat comes into view.
The crimson imp closely misses you. Natasha claws you!
* * * LOW HITPOINT WARNING * * *
The white imp grins evilly.
The white imp closely misses you.
You take 9 damage, and have 5/29 hp.
MASSIVE DAMAGE!!
Really quaff
G - a potion of ambrosia {!q}?
You are confused.
You feel invigorated. Natasha casts a spell at you.
You resist with significant effort.
The crimson imp blinks!
The white imp gestures at you. The puff of frost hits you!
* * * LOW HITPOINT WARNING * * *
You take 3 damage, and have 2/29 hp.
You hit the white imp.
You kick the white imp, but do no damage.
You closely miss Natasha. Natasha misses you. Natasha claws you.
* * * LOW HITPOINT WARNING * * *
The white imp hits you.
* * * LOW HITPOINT WARNING * * *
The white imp freezes you.
You die...

######.#......
#......#.##.###
.####......#.#
..##...r###..#
#..##...# .##
#..##.5###.#
#..##....#
#...#..###
#..5@# ##..h#
#...# #...#
#...#
.........?..w..
...............
............@..
#####...######.


You could see Natasha (fast), a crimson imp (summoned), a white imp (summoned)
and a rat.

Vanquished Creatures
  Natasha (D:2)
  A dart slug (D:1)
  3 bats (D:1)
  2 endoplasms (D:1)
  3 goblins (D:1)
  4 hobgoblins (D:1)
  3 kobolds (D:1)
  2 quokkas (D:1)
  4 ball pythons
  A frilled lizard (D:1)
  4 rats (D:1)
28 creatures vanquished.

Notes
Turn   | Place    | Note
-------+----------+-------------------------------------------
     0 | D:1      | sokol815 the Demonspawn Monk began the quest for the Orb.
     0 | D:1      | Reached XP level 1. HP: 18/18 MP: 1/1
    39 | D:1      | Reached skill level 3 in Axes
   177 | D:1      | Discovered your monstrous ancestry.
   177 | D:1      | Gained mutation: You have large cloven feet. [demonic
                  | ancestry]
   177 | D:1      | Reached XP level 2. HP: 24/24 MP: 2/2
   856 | D:1      | Reached XP level 3. HP: 28/28 MP: 3/3
   965 | D:1      | Found a faded altar of an unknown god.
   969 | D:1      | Prayed at the altar of an unknown god.
   969 | D:1      | Became a worshipper of Ashenzari the Shackled
  1158 | D:2      | Noticed Natasha
  1200 | D:2      | Killed Natasha
  1201 | D:2      | Reached skill level 4 in Axes
  1294 | D:2      | Noticed Natasha
  1298 | D:2      | Identified the +1 robe "Qolida" {rPois rF+}
  1298 | D:2      | Noticed Sigmund
  1307 | D:2      | HP: 5/29 [Natasha (9)]
  1308 | D:2      | HP: 2/29 [white imp/puff of frost[Natasha] (8)]
  1309 | D:2      | Slain by a white imp

Illustrated notes

Levels and vault maps discovered:
D:1:      dpeg_arrival_more_subterranean_lakeside_camping, layout_basic,
          shapermc_ecumenical_altar_venn
D:2:      minmay_alternating_diamond, layout_loops_cross, uniq_natasha,
          uniq_sigmund

Skill      XL: |  1  2  3 |
---------------+----------+-----
Axes           | 3 4 |  4.3
Fighting       | |  3.0
Dodging        | |  2.6
Stealth        | |  1.7

Action                   || total
-------------------------++-------
Melee: Hand axe          ||    61
       Kick              ||    13
Throw: Stone             ||    63
Invok: Curse Item        ||     1
  Use: Scroll            ||     2
       Potion            ||     1
Armor: Robe              ||     8
Dodge: Dodged            ||    36

Table legend: (Time is in decaauts)
 A = Elapsed time spent in this place.
 B = Non-inter-level travel time spent in this place.
 C = Inter-level travel time spent in this place.
 D = Time resting spent in this place.
 E = Time spent auto-exploring this place.
 F = Levels seen in this place.
 G = Mean time per level.
                   A        B        C        D        E       F      G
               +--------+--------+--------+--------+--------+-----+--------+
         Total |   1340 |   1319 |     21 |    104 |    978 |   2 |  670.0 |
       Dungeon |   1340 |   1319 |     21 |    104 |    978 |   2 |  670.0 |
               +--------+--------+--------+--------+--------+-----+--------+

Top non-repeatable levels by time:
     D:1: 1116 daAuts
     D:2: 224 daAuts

Table legend:
 A = Kills in this place as a percentage of kills in entire the game.
 B = Kills by you in this place as a percentage of kills by you in the entire game.
 C = Kills by friends in this place as a percentage of kills by friends in the entire game.
 D = Other kills in this place as a percentage of other kills in the entire game.
 E = Experience gained in this place as a percentage of experience gained in the entire game.
 F = Experience gained in this place divided by the number of levels of this place that you have seen.
                   A       B       C       D       E      F
               +-------+-------+-------+-------+-------+----------------------
         Total | 100.0 | 100.0 |   N/A |   N/A | 100.0 |  42.0
       Dungeon | 100.0 | 100.0 |   N/A |   N/A | 100.0 |  42.0
               +-------+-------+-------+-------+-------+----------------------
